 Dungeon Crawl Stone Soup version 0.29-a0-973-gac7da5f7f0 (webtiles) character file.

Game seed: 8403407890147828074

11839 spiderkeys the Nimble (level 11, -30/77 (81) HPs)
             Began as an Octopode Berserker on Aug 1, 2022.
             Was a High Priest of Trog.
             Killed from afar by a hell hog (41 damage)
             ... with a fireball
             ... on level 2 of the Abyss.
             The game lasted 00:18:33 (10404 turns).

spiderkeys the Nimble (Octopode Berserker)         Turns: 10404, Time: 00:18:33

HP:   -30/77 (81)   AC:  3    Str: 20      XL:     11   Next: 84%
MP:   11/11         EV: 23    Int:  9      God:    Trog [*****.]
Gold: 289           SH:  0    Dex: 14 (15) Spells: 10/10 levels left

rFire   . . .      SeeInvis +   L - +2 spear (venom)
rCold   . . .      Faith    .   (no shield)
rNeg    . . .      Spirit   .   o - +2 hat
rPois   +          Reflect  .   (no amulet)
rElec   .          Harm     .   D - +6 ring of dexterity
rCorr   .          Rampage  .   P - ring of poison resistance
Will    .....                   v - ring of see invisible
Stlth   +.........              E - +4 ring of evasion
HPRegen 0.22/turn               (no ring)
MPRegen 0.12/turn               (no ring)
                                (no ring)
                                (no ring)

@: about to teleport, silenced, lightly drained
A: almost no armour, amphibious, 8 rings, camouflage 1, gelatinous body 1,
(nimble swimmer 1), tentacles, [clumsy 2]
a: Renounce Religion


You were on level 2 of the Abyss.
You worshipped Trog.
Trog was extremely pleased with you.
You visited 1 branch of the dungeon, and saw 9 of its levels.
You visited the Abyss 1 time.
You also visited: Sewer and Bailey.

You collected 439 gold pieces.
You spent 150 gold pieces at shops.


Innate Abilities, Weirdness & Mutations

You cannot wear most types of armour.
You are amphibious.
You can wear up to eight rings at the same time.
Your skin changes colour to match your surroundings (Stealth+).
Your rubbery body absorbs attacks. (AC +1, EV +1)
((You are camouflaged when in or above water. (Stealth+)))
You have tentacles for arms and can constrict up to eight enemies at once.
[You are very clumsy. (Dex -4)]


   Skills:
 + Level 9.8 Fighting
 + Level 9.8 Polearms
 + Level 13.2 Dodging


You had 10 spell levels left.
You didn't know any spells.
Your spell library contained the following spells:

 Spells                   Type           Power      Damage    Failure   Level
 Magic Dart               Conj           0%         1d3       38%         1
 Blink                    Tloc           0%         N/A       52%         2
 Searing Ray              Conj           0%         2d4       52%         2
 Lesser Beckoning         Tloc           0%         N/A       77%         3
 Stone Arrow              Conj/Erth      0%         3d7       77%         3
 Fulminant Prism          Conj/Hex       0%         3d6       99%         4
 Hailstorm                Conj/Ice       0%         3d3       99%         4
 Ice Form                 Ice/Tmut       0%         N/A       99%         4
 Manifold Assault         Tloc           0%         N/A       100%        5
 Simulacrum               Ice/Necr       0%         N/A       100%        6
 Lehudib's Crystal Spear  Conj/Erth      0%         10d2      100%        8
 Animate Armour           Summ/Erth      Unusable   N/A       N/A         4

Inventory:

Hand Weapons
 a - a +0 spear
 e - a +1 trident
   (You took it off an orc on level 3 of the Dungeon)
 L - a +2 spear of venom (weapon)
   (You took it off a gnoll sergeant on level 6 of the Dungeon)
Missiles
 f - 80 stones (quivered)
 j - 9 poisoned darts
 k - 5 curare-tipped darts {=f}
 t - 5 silver javelins
 x - 2 boomerangs
Armour
 o - a +2 hat (worn)
   (You found it on level 5 of the Dungeon)
Jewellery
 v - a ring of see invisible (on tentacle)
   (You bought it in a shop on level 4 of the Dungeon)
 C - a ring of ice
   (You found it on level 3 of the Dungeon)
 D - a +6 ring of dexterity (left tentacle)
   (You found it on level 1 of the Dungeon)
 E - a +4 ring of evasion (on tentacle)
   (You found it on level 5 of the Dungeon)
 F - a ring of fire
   (You found it on level 6 of the Dungeon)
 P - a ring of poison resistance (right tentacle)
   (You found it on level 2 of the Dungeon)
Wands
 l - a wand of flame (20)
   (You found it on level 5 of the Dungeon)
 A - a wand of charming (9)
   (You found it on level 7 of the Dungeon)
Scrolls
 g - 3 scrolls of poison
 m - a scroll of teleportation {@r4}
 q - 2 scrolls of enchant armour
 s - 2 scrolls of vulnerability {!r!r}
 y - a scroll of silence {!r}
 G - a scroll of brand weapon
 H - 2 scrolls of magic mapping {!r}
 K - a scroll of immolation {!r!r}
Potions
 c - 2 potions of attraction {!q}
 d - 2 potions of magic
 h - 2 potions of might
 i - 3 potions of curing {@q1}
 p - 2 potions of haste {unknown}
 r - a potion of invisibility {unknown}
 w - 2 potions of flight {unknown}
 z - 4 potions of mutation {unknown}
 B - 2 potions of resistance {unknown}
Miscellaneous
 u - a tin of tremorstones (2/2)
   (You found it in a bailey)

Dungeon Overview and Level Annotations

Branches:
Dungeon (9/15) Zot: 26922  Temple (0/1) D:4           Sewer (visited)
 Bailey (visited)
   Lair: D:8-11         Orc: D:9-12

Altars:

Shops:
D:4 =   D:6 =   D:7 *

Portals:
Abyss: D:6

Annotations:
D:6 2 transporters, Aneyh's ghost, novice TeMo
D:9 Erolcha

. ### #.#
..#... #..
.X#. . . ..
.h.# # #
....#..##.####
#..h.#.#ยง..
#...ยง#
###h..#
#.@h###
#...#...#
..*#..##.##
..#.#.... .# #
.#.#. #.# ...#
## ## .. .
...#.


You could see a wretched star (unsilenced) and 2 hell hogs.


Message History

๐Ÿ˜• HP[+1] ๐Ÿ˜• HP[+1]
A small abomination comes into view. ๐Ÿ˜• HP[+1]
An ancient zyme comes into view.
You feel yourself growing ill in the presence of the ancient zyme. ๐Ÿ˜• HP[+1] ๐Ÿ˜• HP[+1] 2 hell hogs come into view. ๐Ÿ˜• HP[+1]
An orange demon comes into view.
The hell hog squeals angrily. x2
A large abomination comes into view.
The hell hog breathes fire at you.
The fireball explodes!
The fireball engulfs you!!
You hear an angry squeal.
You hear a screech! ๐Ÿ˜ฎ HP[-22]
You take 22 damage, and now have 48/77 hp.
MASSIVE DAMAGE!! (PAUSE)
Okay, then. ๐Ÿ˜ฎ HP[+1]
An orange demon comes into view.
The hell hog breathes fire at you.
The fireball explodes!
The fireball engulfs you!
* * * LOW HITPOINT WARNING * * *
๐Ÿ˜จ HP[-17]
You take 17 damage, and now have 32/77 hp.
MASSIVE DAMAGE!! (PAUSE)
A quasit comes into view. ๐Ÿ˜จ HP[+1]
You feel much better.
The quasit bites you but does no damage.
The quasit barely misses you. The quasit misses you. ๐Ÿ˜• HP[+32]
You regained 32 hp, and now have 65/77 hp.
The quasit completely misses you. x5; The quasit misses you.
The quasit bites you but does no damage.
The quasit closely misses you. x2 ๐Ÿ˜• HP[+1]
The quasit bites you. The quasit closely misses you.
The quasit completely misses you.
The orange demon completely misses you. ๐Ÿ˜• HP[-2]
You take 2 damage, and now have 64/77 hp.
The quasit attacks as you move away! The quasit misses you. x2
The quasit claws you. The hell hog breathes fire at you.
The fireball explodes!
The fireball engulfs the quasit!
The quasit resists.
The fireball engulfs you!!!
* * * LOW HITPOINT WARNING * * *
The quasit misses you. The quasit claws you.
* * * LOW HITPOINT WARNING * * *
You feel clumsy.
The quasit completely misses you. ๐Ÿ˜จ HP[-40]
You take 40 damage, and now have 24/77 hp.
MASSIVE DAMAGE!! (PAUSE)
The hell hog breathes fire at you.
The fireball explodes!
The fireball engulfs the quasit!
The quasit resists.
The quasit dies!
The fireball engulfs you!
* * * LOW HITPOINT WARNING * * *
๐Ÿ˜ฑ HP[-16]
You take 16 damage, and now have 8/77 hp.
MASSIVE DAMAGE!! (PAUSE) ๐Ÿ˜ฑ HP[+1]
You feel much better. ๐Ÿ˜จ HP[+27]
You regained 27 hp, and now have 36/77 hp.
As you read the scroll of teleportation {@r4}, it crumbles to dust.
You feel strangely unstable.
You feel the power of the Abyss delaying your translocation!
A wretched star comes into view.
You feel much better. ๐Ÿ˜• HP[+23]
You regained 23 hp, and now have 59/77 hp.
You feel better. The hell hog breathes fire at you.
The fireball explodes!
The fireball engulfs you!!
The fireball engulfs the hell hog.
The hell hog completely resists.
The fireball engulfs the hell hog.
The hell hog completely resists.
The wretched star pulses with an eldritch light!
You feel clumsy. x2
You hear an angry squeal. ๐Ÿ˜ฎ HP[-20]
You take 20 damage, and now have 39/77 hp.
MASSIVE DAMAGE!! (PAUSE) Really read
y - 2 scrolls of silence {!r}?
Okay, then.
Really read
y - 2 scrolls of silence {!r}?
As you read the scroll of silence {!r}, it crumbles to dust.
A profound silence engulfs you. The hell hog breathes fire at you.
The fireball explodes!
The fireball engulfs you!!
* * * LOW HITPOINT WARNING * * *
The fireball engulfs the hell hog.
The hell hog completely resists.
The fireball engulfs the hell hog.
The hell hog completely resists.
The hell hog breathes fire at you.
The fireball explodes!
The fireball engulfs you!!!
Ouch! That really hurt!
You die...

Skill      XL: |  1  2  3  4  5  6  7  8  9 10 |
---------------+-------------------------------+-----
Fighting       | 4 5 7 8 9 |  9.8
Dodging        | 4 5 7 8 13 | 13.2
Polearms       | 4 5 7 8 9 |  9.8

Action                   |  1- 3 |  4- 6 |  7- 9 | 10-12 || total
-------------------------+-------+-------+-------+-------++-------
Melee: Spear             |    72 |    20 |       |    13 ||   105
       Constrict         |    18 |    16 |    64 |    30 ||   128
       Tentacles         |    10 |    15 |    68 |    43 ||   136
       Punch             |     1 |     4 |       |     1 ||     6
       Trident           |       |    50 |   295 |   129 ||   474
Throw: Dart              |       |       |     8 |    11 ||    19
       Throwing net      |       |       |       |     1 ||     1
Invok: Berserk           |       |       |     3 |     1 ||     4
       Brothers in Arms  |       |       |       |     1 ||     1
Evoke: Wand              |       |       |       |    10 ||    10
  Use: Scroll            |     2 |     6 |     9 |    10 ||    27
       Potion            |       |     2 |       |     5 ||     7
 Stab: Sleeping          |     2 |     9 |    16 |     2 ||    29
Armor: Skin              |     6 |     4 |     9 |     2 ||    21
Dodge: Dodged            |    35 |    27 |   143 |    86 ||   291

Levels and vault maps discovered:
D:1:      ebering_trefoil_twist, layout_basic
D:2:      layout_basic
D:3:      layout_loops_ring, portal_sewer_entry_a, minmay_misc_feat_doors
D:4:      layout_basic, temple_green, serial_corexii_hall,
          corexii_hall_statues_x, corexii_hall_statues_x, serial_shops,
          kennysheep_little_box, uniq_edmund, uniq_eustachio, uniq_grinder,
          uniq_blork_the_orc, uniq_robin
D:5:      layout_cave_pools, uniq_sigmund
D:6:      kennysheep_six_static_rooms, layout_rooms, serial_shops, shop_statue,
          gammafunk_ghost_abyssal_escape, uniq_crazy_yiuf_cottage
D:7:      layout_loops_cross, serial_shops, nicolae_shop_waterfront,
          minmay_misc_feat_columns
D:8:      layout_cave_pools, enter_bailey_7, serial_bayou_crossing
D:9:      cheibrodos_ideogram_h, layout_small_grid,
          mainiacjoe_overflow_alcove_2, orc_0_dummy, uniq_gastronok,
          uniq_erolcha
Abyss:2:  base: D:4, lemuel_flamethrower_2, evilmike_abyss_exit_2

Notes
Turn   | Place    | Note
-------+----------+-------------------------------------------
     0 | D:1      | spiderkeys the Octopode Berserker began the quest for the
                  | Orb.
     0 | D:1      | Reached XP level 1. HP: 16/16 MP: 1/1
     0 | D:1      | magus.rc [v1.11.3]
   179 | D:1      | Reached XP level 2. HP: 12/21 MP: 2/2
   507 | D:1      | Reached XP level 3. HP: 20/26 MP: 3/3
   684 | D:1      | Reached ** piety under Trog
   838 | D:1      | You pick up a book of Spatial Translocations {forbidden}
                  | and begin reading...
   838 | D:1      | You add the spells Blink, Lesser Beckoning and Manifold
                  | Assault to your library.
   851 | D:1      | You pick up a book of Armaments {forbidden} and begin
                  | reading...
   851 | D:1      | You add the spells Stone Arrow and Lehudib's Crystal Spear
                  | to your library.
  1391 | D:2      | Reached XP level 4. HP: 33/33 MP: 4/4
  2425 | D:3      | Found a glowing drain.
  2458 | Sewer    | Entered a sewer
  2631 | Sewer    | Noticed a kobold brigand
  2631 | Sewer    | Noticed a kobold brigand
  2641 | Sewer    | Reached skill level 4 in Fighting
  2641 | Sewer    | Reached skill level 4 in Dodging
  2681 | Sewer    | Killed a kobold brigand
  2681 | Sewer    | Killed a kobold brigand
  2682 | Sewer    | Reached skill level 4 in Polearms
  2682 | Sewer    | Reached XP level 5. HP: 29/38 MP: 5/5
  2682 | Sewer    | Reached XP level 6. HP: 34/44 MP: 6/6
  2961 | Sewer    | Reached skill level 5 in Fighting
  2961 | Sewer    | Reached skill level 5 in Polearms
  2961 | Sewer    | Reached skill level 5 in Dodging
  2961 | Sewer    | Reached XP level 7. HP: 50/50 MP: 7/7
  3168 | Sewer    | Reached *** piety under Trog
  4501 | D:4      | Found Xeqappoe's Jewellery Shoppe.
  4551 | D:4      | Noticed Grinder
  4560 | D:4      | Killed Grinder
  4561 | D:4      | Reached XP level 8. HP: 57/57 MP: 8/8
  4677 | D:4      | Reached skill level 6 in Fighting
  4677 | D:4      | Reached skill level 6 in Polearms
  4681 | D:4      | Reached skill level 6 in Dodging
  4700 | D:4      | Found a staircase to the Ecumenical Temple.
  4803 | D:4      | Noticed Robin
  4814 | D:4      | Killed Robin
  5036 | D:4      | Noticed Edmund
  5045 | D:4      | Killed Edmund
  5210 | D:4      | Noticed Eustachio
  5224 | D:4      | Killed Eustachio
  5269 | D:4      | Noticed Blork the orc
  5276 | D:4      | Killed Blork the orc
  5468 | D:4      | Bought a ring of see invisible for 150 gold pieces
  5484 | D:5      | Entered Level 5 of the Dungeon
  5619 | D:5      | Noticed Sigmund
  5630 | D:5      | Killed Sigmund
  5631 | D:5      | Reached skill level 7 in Fighting
  5631 | D:5      | Reached skill level 7 in Polearms
  5631 | D:5      | Reached skill level 7 in Dodging
  5631 | D:5      | Reached XP level 9. HP: 61/64 MP: 9/9
  6368 | D:6      | Found Jaevevof's Jewellery Shoppe.
  6513 | D:6      | Found a transporter.
  6515 | D:6      | Found a transporter.
  6601 | D:6      | Found a one-way gate to the infinite horrors of the Abyss.
  6601 | D:6      | Noticed Aneyh's ghost (novice TeMo)
  6810 | D:6      | Reached **** piety under Trog
  7284 | D:6      | You fall into a shaft and drop 1 floor!
  7290 | D:7      | Found Citwac's General Store.
  7361 | D:6      | Reached skill level 8 in Fighting
  7363 | D:6      | Reached skill level 8 in Polearms
  7547 | D:6      | Found a runed translucent door.
  7548 | D:6      | Noticed Crazy Yiuf
  7555 | D:6      | Killed Crazy Yiuf
  7556 | D:6      | Reached skill level 8 in Dodging
  7836 | D:7      | Identified the +3 dagger "Henahyach" {freeze, Str+4 Dex-4
                  | Stlth+}
  8425 | D:8      | Found a flagged portal.
  8485 | Bailey   | Entered a bailey
  8524 | Bailey   | Reached XP level 10. HP: 73/73 MP: 10/10
  8716 | Bailey   | Reached ***** piety under Trog
  8863 | Bailey   | Noticed an orc warlord
  8902 | Bailey   | Reached skill level 9 in Fighting
  8919 | Bailey   | Reached skill level 9 in Polearms
  8919 | Bailey   | Reached skill level 9 in Dodging
  9153 | Bailey   | Killed an orc warlord
  9176 | Bailey   | You pick up a book of the Tundra {forbidden} and begin
                  | reading...
  9176 | Bailey   | You add the spells Hailstorm, Ice Form and Simulacrum to
                  | your library.
  9296 | D:8      | You pick up a book of Conjurations {forbidden} and begin
                  | reading...
  9296 | D:8      | You add the spells Magic Dart, Searing Ray and Fulminant
                  | Prism to your library.
  9947 | D:9      | Noticed Erolcha
 10016 | D:9      | You are cast into the Abyss!
 10016 | Abyss:1  | Cast into level 1 of the Abyss (Erolcha)
 10073 | Abyss:1  | Noticed a shadow wraith
 10090 | Abyss:1  | Noticed a smoke demon
 10102 | Abyss:1  | Noticed a tentacled starspawn
 10142 | Abyss:1  | Noticed a starcursed mass
 10153 | Abyss:1  | Noticed a sixfirhy
 10203 | Abyss:1  | Noticed a revenant
 10264 | Abyss:1  | Noticed a reaper
 10269 | Abyss:1  | Noticed a green very ugly thing
 10285 | Abyss:1  | Reached skill level 13 in Dodging
 10285 | Abyss:1  | Reached XP level 11. HP: 48/77 MP: 11/11
 10288 | Abyss:1  | Noticed a sixfirhy
 10288 | Abyss:1  | Noticed a tentacled starspawn
 10294 | Abyss:1  | Found a corrupted altar of Lugonu.
 10319 | Abyss:1  | Noticed a tentacled starspawn
 10382 | Abyss:2  | Noticed a hell hog
 10382 | Abyss:2  | Noticed a hell hog
 10382 | Abyss:2  | Noticed a hell hog
 10398 | Abyss:2  | HP: 8/77 [hell hog/fireball (16)]
 10401 | Abyss:2  | Noticed a wretched star
 10404 | Abyss:2  | HP: 11/77 [hell hog/fireball (29)]
 10404 | Abyss:2  | Killed from afar by a hell hog

Vanquished Creatures
  Grinder (D:4)
  Sigmund (D:5)
  Eustachio (D:4)
  A wyvern (D:8)
  A small abomination (Abyss:1)
  Edmund (D:4)
  A water moccasin (D:5)
  13 orc warriors (Bailey)
  2 ice beasts
  2 sky beasts
  An ogre (D:6)
  A centaur (D:6)
  2 phantoms
  8 kobold brigands
  Blork the orc (D:4)
  2 bullfrogs
  2 gnoll sergeants
  5 scorpions
  A necrophage (D:4)
  5 howler monkeys
  3 hounds
  2 jellies
  An orc priest (D:7)
  Crazy Yiuf (D:6)
  An iguana (D:6)
  2 orc wizards (D:7)
  Robin (D:4)
  24 gnolls
  6 adders
  4 river rats
  A shadow imp (D:5)
  4 worms (Sewer)
  A dart slug (D:3)
  19 orcs
  11 ball pythons
  6 endoplasms
  3 giant cockroaches
  30 goblins
  10 hobgoblins
  3 jackals (D:3)
  13 kobolds
  7 quokkas
  5 bats
  A frilled lizard (D:1)
  9 rats
220 creatures vanquished.

Vanquished Creatures (collateral kills)
  An orc warlord (Bailey)
  An orc warrior (Bailey)
2 creatures vanquished.

Vanquished Creatures (others)
  A quasit (Abyss:2)
  12 starspawn tentacles (Abyss:1)
13 creatures vanquished.

Grand Total: 235 creatures vanquished

Table legend:
 A = Non-vault XP
 B = Vault XP
 C = Vault XP percentage of total XP
 D = Non-vault monster count
 E = Vault monster count
 F = Vault count percentage of total count
                 A         B        C        D         E       F
            +---------+---------+-------+---------+---------+-------
      Total |    3249 |    5248 |  61.8 |     113 |     109 |  49.1
            +---------+---------+-------+---------+---------+-------
        D:1 |      57 |       0 |   0.0 |      20 |       0 |   0.0
        D:2 |      49 |       0 |   0.0 |      16 |       0 |   0.0
        D:3 |      34 |      18 |  34.6 |      11 |       4 |  26.7
        D:4 |     285 |     765 |  72.9 |      13 |      16 |  55.2
        D:5 |     750 |     206 |  21.5 |      11 |       1 |   8.3
        D:6 |     519 |     377 |  42.1 |      14 |       7 |  33.3
        D:7 |     642 |       0 |   0.0 |      16 |       0 |   0.0
        D:8 |     615 |      33 |   5.1 |       9 |       4 |  30.8
        D:9 |     108 |       0 |   0.0 |       2 |       0 |   0.0
    Abyss:1 |     190 |       0 |   0.0 |       1 |       0 |   0.0
      Sewer |       0 |     687 | 100.0 |       0 |      28 | 100.0
     Bailey |       0 |    3162 | 100.0 |       0 |      49 | 100.0
            +---------+---------+-------+---------+---------+-------

Illustrated notes

Table legend:
 A = Kills in this place as a percentage of kills in entire the game.
 B = Kills by you in this place as a percentage of kills by you in the entire game.
 C = Kills by friends in this place as a percentage of kills by friends in the entire game.
 D = Other kills in this place as a percentage of other kills in the entire game.
 E = Experience gained in this place as a percentage of experience gained in the entire game.
 F = Experience gained in this place divided by the number of levels of this place that you have seen.
                   A       B       C       D       E      F
               +-------+-------+-------+-------+-------+----------------------
         Total | 100.0 | 100.0 | 100.0 |   N/A | 100.0 | 653.6
       Dungeon |  64.9 |  65.5 |   0.0 |   N/A |  52.5 | 495.3
         Abyss |   0.5 |   0.5 |   0.0 |   N/A |   2.2 |  95.0
         Sewer |  12.6 |  12.7 |   0.0 |   N/A |   8.1 | 687.0
        Bailey |  22.1 |  21.4 | 100.0 |   N/A |  37.2 | 3162.0
               +-------+-------+-------+-------+-------+----------------------

Table legend: (Time is in decaauts)
 A = Elapsed time spent in this place.
 B = Non-inter-level travel time spent in this place.
 C = Inter-level travel time spent in this place.
 D = Time resting spent in this place.
 E = Time spent auto-exploring this place.
 F = Levels seen in this place.
 G = Mean time per level.
                   A        B        C        D        E       F      G
               +--------+--------+--------+--------+--------+-----+--------+
         Total |  10377 |  10011 |    366 |    874 |   7037 |  13 |  798.2 |
       Dungeon |   8300 |   7934 |    366 |    592 |   6221 |   9 |  922.2 |
         Abyss |    372 |    372 |      0 |      0 |      0 |   2 |  186.0 |
         Sewer |    951 |    951 |      0 |      0 |    705 |   1 |  951.0 |
        Bailey |    753 |    753 |      0 |    282 |    111 |   1 |  753.0 |
               +--------+--------+--------+--------+--------+-----+--------+

Top non-repeatable levels by time:
     D:6: 1427 daAuts
     D:4: 1372 daAuts
     D:2: 1251 daAuts
     D:1: 1016 daAuts
   Sewer: 951 daAuts
     D:3: 894 daAuts
     D:5: 879 daAuts
     D:8: 815 daAuts
  Bailey: 753 daAuts
     D:7: 626 daAuts
 Abyss:1: 304 daAuts
 Abyss:2: 67 daAuts
     D:9: 17 daAuts
